 Dungeon Crawl Stone Soup version 0.18-a0-1485-g189885c (webtiles) character file.

288288 abixa the Fencer (level 19, -4/181 HPs)
             Began as a Minotaur Gladiator on Mar 2, 2016.
             Was the Champion of Okawaru.
             Slain by a frost giant
             ... wielding a +2 battleaxe of freezing
             ... summoned by a boggart
              (9 damage)
             ... on level 3 of the Vaults on Mar 3, 2016.
             The game lasted 03:22:16 (44573 turns).

abixa the Fencer (Minotaur Gladiator)              Turns: 44573, Time: 03:22:17

Health: -4/181     AC: 25    Str: 26    XL:     19   Next: 88%
Magic:  24/24      EV: 27    Int:  5    God:    Okawaru [******]
Gold:   3620       SH:  0    Dex: 23    Spells: 0 memorised, 18 levels left

rFire  . . .     SeeInvis .     a - +4 great sword (slice)
rCold  . . .     Gourm    .     p - +4 scale mail of the Prince {Str+6}
rNeg   . . .     Faith    .     (shield currently unavailable)
rPois  +         Spirit   .     Y - +0 hat
rElec  .         Dismiss  .     W - +2 cloak {rPois}
rCorr  .         Reflect  .     J - +1 pair of gloves
SustAt .         Harm     .     U - +2 pair of boots {run}
MR     ++...                    M - amulet of regeneration
Stlth  +.........               E - +4 ring of dexterity
                                r - ring of protection from magic

@: quick, very resistant to hostile enchantments, very unstealthy
A: retaliatory headbutt, horns 2, mutation resistance 1
a: Heroism, Finesse, Renounce Religion
}: 2/15 runes: decaying, gossamer


You were on level 3 of the Vaults.
You worshipped Okawaru.
Okawaru was exalted by your worship.
You were hungry.

You visited 7 branches of the dungeon, and saw 37 of its levels.
You also visited: Labyrinth.

You collected 4040 gold pieces.
You spent 420 gold pieces at shops.

Inventory:

Hand Weapons
 a - a +4 great sword of slicing (weapon)
 b - a +9 triple crossbow of flaming
Missiles
 u - 6 needles of confusion
 v - 14 bolts of penetration
 y - 7 bolts of frost
 z - 7 throwing nets (quivered)
 A - 53 bolts of flame
 D - 386 bolts
 P - 16 poisoned needles
Armour
 c - a +2 pair of boots of flying
 d - a +2 scale mail of fire resistance
 o - a storm dragon hide
 p - the +4 scale mail of the Prince (worn) {Str+6}
   (You found it on level 6 of the Lair of Beasts)

   It affects your strength (+6).
 s - a +4 plate armour of cold resistance
 J - a +1 pair of gloves (worn)
 K - a fire dragon hide
 U - a +2 pair of boots of running (worn)
 W - a +2 cloak of poison resistance (worn)
 Y - a +0 hat (worn)
Jewellery
 e - an uncursed ring of sustain attributes
 r - a ring of protection from magic (left hand)
 t - an uncursed ring of ice
 C - an uncursed ring of resist corrosion
 E - a +4 ring of dexterity (right hand)
 M - an amulet of regeneration (around neck)
 S - an uncursed ring of positive energy
Wands
 h - a wand of paralysis (12/24)
 G - a wand of acid (6/15)
 O - a wand of hasting (3/9)
 V - a wand of polymorph (4/24)
Scrolls
 l - 6 scrolls of magic mapping
 m - 2 scrolls of blinking
 q - 16 scrolls of remove curse
 F - a scroll of identify
 I - 7 scrolls of teleportation
 R - 3 scrolls of fog
Potions
 g - 9 potions of flight
 i - 5 potions of invisibility
 j - 4 potions of might
 k - 20 potions of curing
 w - a potion of cancellation
 x - 2 potions of agility
 B - a potion of heal wounds
 H - 4 potions of resistance
 L - 2 potions of haste
 N - a potion of mutation
Miscellaneous
 n - a lamp of fire
 T - a plain deck of defence
Comestibles
 Q - 30 fruits


   Skills:
 + Level 18.6 Fighting
 - Level 19.0 Long Blades
 * Level 16.1 Crossbows
 - Level 2.0 Throwing
 + Level 18.8 Armour
 + Level 17.2 Dodging
 - Level 8.0 Invocations


You had 18 spell levels left.
You didn't know any spells.

Dungeon Overview and Level Annotations

Branches:
Dungeon (15/15)            Temple (1/1) D:6            Lair (8/8) D:9
  Swamp (4/4) Lair:3       Spider (4/4) Lair:6        Slime (0/6) Lair:8
    Orc (2/2) D:10            Elf (0/3) Orc:2        Vaults (3/5) D:14
  Crypt (0/3) Vaults:3     Depths (0/5) D:15

Altars:
Ashenzari
Cheibriados
Dithmenos
Elyvilon
Fedhas
Gozag
Kikubaaqudgha
Makhleb
Nemelex Xobeh
Okawaru
Pakellas
Qazlal
Ru
Sif Muna
Trog
Vehumet
Xom
Yredelemnul
Zin
The Shining One
Beogh
Jiyva

Shops:
D:4 *   D:5 :   D:11 :   D:12 [   Orc:1 (   Orc:2 =(*(!   Vaults:1 :(

Portals:
Trove: D:11 (lose all piety)

Annotations:
D:6 xeno23's ghost, novice NaVM
D:7 Bubs's ghost, novice GrFi
Lair:8 , book behind disint, DROPPED STUFF


Innate Abilities, Weirdness & Mutations

You reflexively headbutt those who attack you in melee.
You have a pair of horns on your head.
You are somewhat resistant to further mutation.


Message History

The slime creature quivers.
The frost giant shouts!
You open the door.
The boggart gestures wildly while chanting.
The boggart blinks!
There is an open door here.
You hit the boggart.
The boggart is moderately wounded.
The boggart mumbles some strange words.
The boggart blinks!
The frost giant points at you and mumbles some strange words.
The bolt of cold hits you!
* * * LOW HITPOINT WARNING * * *
You hear a shout!
Drink which item? (? for menu, Esc to quit)
You feel much better.
The frost giant hits you with a battleaxe of freezing!!
* * * LOW HITPOINT WARNING * * *
The frost giant freezes you!
You die...

.##...##.'..)+..#.))..#.#......#
##....'#.#..)#..##+####.{......#
###'#.#..#####.(§†.J)gGo#......#
#..####..#......g#####)(########
.....###.#####+#.+...#.)p'.....#
###### ###.....#.#...#o(.#.....#
#.....#.#####O..#.....#
#.....#JCJJ.....#.....#
################@###############
.................#
.................#
.................#
.....#########...# .....# #...#
.....# #...# .....# #...#
.....#.. #...#


You could see a frost giant, 3 slime creatures, an ogre mage and a boggart.

Vanquished Creatures
  Mara (Vaults:2)
  the Lernaean hydra (Swamp:4)
  Jorgrun (Spider:3)
  2 liches
  An eldritch tentacle (Vaults:1)
  A sphinx (Vaults:1)
  A thorn hunter (Swamp:1)
  A storm dragon (Vaults:1)
  The ghost of Galewind the Devastator, an adept DECj of Sif Muna (Swamp:3)
  2 azure jellies (Lair:8)
  A frost giant (Vaults:3)
  3 ghost moths (Spider:4)
  8 vault wardens
  Louise (Swamp:1)
  6 emperor scorpions
  11 ironheart preservers
  4 stone giants
  A juggernaut skeleton (D:15)
  6 dire elephants (Lair:8)
  A spark wasp (Spider:4)
  2 deep elf annihilators (Vaults:3)
  A minotaur (Lab)
  2 vault guards
  A great orb of eyes (Vaults:2)
  Harold (Lair:2)
  A yaktaur captain (Vaults:1)
  2 entropy weavers (Spider:3)
  A fire dragon (Vaults:2)
  32 hydras
  An anaconda (Lair:8)
  4 centaur warriors
  2 deep troll shamans
  2 death knights
  5 ogre magi
  5 orc high priests (Orc:2)
  7 alligators
  A queen ant (Lair:4)
  13 death yaks
  A vampire mage (D:15)
  2 tengu warriors
  A deep troll earth mage (Vaults:3)
  4 spriggans
  Urug (D:15)
  6 skeletal warriors
  A fire crab (Vaults:1)
  11 swamp dragons
  15 deep trolls
  3 shambling mangroves (Swamp:1)
  2 giant orange brains (Vaults:1)
  10 ironbrand convokers
  2 lindwurms
  4 unseen horrors
  A deep elf archer (Vaults:1)
  10 hill giants
  10 orb spiders
  7 deep elf magi
  A necromancer (D:15)
  23 orc knights
  7 hornets
  2 orc sorcerers
  3 oklob plants (Lair:6)
  23 wolf spiders
  2 manticores (D:14)
  A stone giant zombie (D:15)
  A wizard (Vaults:3)
  3 griffons
  13 cyclopes
  26 ugly things
  13 elephants
  5 vault sentinels
  4 black mambas
  4 torpor snails
  Psyche (Lair:2)
  A spiny frog (shapeshifter) (Vaults:2)
  2 centaur skeletons
  A rime drake (Lair:4)
  24 spiny frogs
  9 komodo dragons
  9 yaktaurs (Vaults:1)
  5 kobold demonologists
  An efreet (D:12)
  4 freezing wraiths
  9 demonic crawlers
  A tengu conjurer (Swamp:4)
  A guardian mummy (D:11)
  An entropy weaver zombie (D:15)
  31 jumping spiders
  10 trolls
  A queen bee (Lair:3)
  3 giant leeches
  7 bog bodies
  14 two-headed ogres
  46 slime creatures
  A spriggan zombie (D:15)
  18 blink frogs
  2 raiju (shapeshifter)
  6 boulder beetles
  30 tarantellas
  Eustachio (D:3)
  2 shadows
  95 redbacks
  3 wyverns
  18 yaks
  7 hippogriffs
  5 humans (Lair:2)
  2 basilisks
  Grum (D:8)
  A hungry ghost (D:10)
  A yaktaur simulacrum (Vaults:3)
  33 vampire mosquitoes
  5 wargs
  4 mottled dragons
  17 wolves
  15 swamp worms
  7 soldier ants
  28 water moccasins
  10 swamp drakes
  A sky beast (D:6)
  8 porcupines
  57 orc warriors
  18 wasps
  2 ice beasts
  22 ogres
  3 phantoms
  2 black bears
  2 necrophages
  5 boggarts (Vaults:3)
  An eye of draining (D:9)
  10 centaurs
  9 big kobolds
  16 crocodiles
  22 giant frogs
  2 wyvern zombies
  7 scorpions
  24 killer bees
  4 wights (D:7)
  An electric eel (Spider:3)
  5 howler monkeys
  10 crimson imps
  5 centaur zombies
  A quasit (D:9)
  2 giant frog zombies
  4 jellies
  5 hounds
  21 orc wizards
  Crazy Yiuf (D:5)
  3 giant frog skeletons
  39 orc priests
  12 iguanas
  33 worker ants
  A killer bee zombie (D:9)
  70 sheep
  A worker ant zombie (D:10)
  Robin (D:3)
  15 adders
  7 gnolls
  29 river rats
  5 shadow imps
  An ooze (D:2)
  2 adder zombies (D:9)
  2 worms (D:2)
  3 dart slugs
  7 giant geckos
  99 orcs
  3 ball pythons
  9 bats
  4 giant cockroaches
  10 hobgoblins
  23 jackals
  20 kobolds
  7 quokkas
  4 giant newts
  7 goblins
  2 rats (D:2)
  2 plants
1543 creatures vanquished.

Vanquished Creatures (collateral kills)
  A swamp worm (Swamp:1)
1 creature vanquished.

Vanquished Creatures (others)
  A deep troll (Vaults:3)
  A cyclops (D:15)
  A jumping spider (Spider:1)
  A crimson imp (D:11)
  2 briar patches (Swamp:1)
  6 eldritch tentacle segments (Vaults:1)
  22 fungi
  24 plants
58 creatures vanquished.

Grand Total: 1602 creatures vanquished

Notes
Turn   | Place    | Note
--------------------------------------------------------------
     0 | D:1      | abixa the Minotaur Gladiator began the quest for the Orb.
     0 | D:1      | Reached XP level 1. HP: 18/18 MP: 0/0
   110 | D:1      | Reached skill level 4 in Long Blades
   297 | D:1      | Reached XP level 2. HP: 20/25 MP: 1/1
   823 | D:2      | Reached skill level 5 in Long Blades
   911 | D:2      | Reached XP level 3. HP: 22/30 MP: 2/2
  1164 | D:2      | Found an oddly glowing altar of Pakellas.
  1618 | D:2      | Reached XP level 4. HP: 37/37 MP: 3/3
  1835 | D:3      | Noticed Robin
  1843 | D:2      | Reached skill level 6 in Long Blades
  1897 | D:3      | Killed Robin
  2104 | D:3      | Reached skill level 1 in Armour
  2579 | D:3      | Reached XP level 5. HP: 27/45 MP: 4/4
  3006 | D:3      | Found an ancient bone altar of Kikubaaqudgha.
  3169 | D:4      | Noticed an ogre
  3260 | D:4      | Found a glowing silver altar of Zin.
  3339 | D:4      | Killed an ogre
  3339 | D:4      | Reached skill level 7 in Long Blades
  3339 | D:4      | Reached XP level 6. HP: 50/52 MP: 5/5
  3387 | D:4      | Noticed Eustachio
  3433 | D:3      | Killed Eustachio
  3527 | D:4      | Found a sacrificial altar of Ru.
  3548 | D:4      | Found Faobuk's Assorted Antiques.
  3556 | D:4      | Bought a lumpy lapis lazuli amulet for 150 gold pieces
  3756 | D:4      | Reached XP level 7. HP: 49/60 MP: 6/6
  3827 | D:4      | Reached skill level 5 in Fighting
  4014 | D:4      | You fall through a shaft for 3 floors!
  4078 | D:6      | Found a shattered altar of Ashenzari.
  4101 | D:6      | Found a staircase to the Ecumenical Temple.
  4108 | Temple   | Entered the Ecumenical Temple
  4137 | Temple   | Became a worshipper of Warmaster Okawaru
  4164 | D:6      | Noticed xeno23's ghost (novice NaVM)
  4520 | D:6      | Found a stormy altar of Qazlal.
  4590 | D:6      | Reached skill level 8 in Long Blades
  4590 | D:6      | Reached skill level 5 in Armour
  4676 | D:5      | Entered Level 5 of the Dungeon
  4878 | D:4      | Found a shimmering altar of Xom.
  4878 | D:4      | Found a glowing golden altar of the Shining One.
  5142 | D:5      | Noticed Crazy Yiuf
  5146 | D:5      | Killed Crazy Yiuf
  5272 | D:5      | Found Duoclac's Book Shop.
  5495 | D:5      | Found a shadowy altar of Dithmenos.
  5500 | D:5      | Reached XP level 8. HP: 66/70 MP: 7/7
  5996 | D:7      | Reached * piety under Okawaru
  6285 | D:7      | Reached skill level 9 in Long Blades
  6341 | D:7      | Noticed Bubs's ghost (novice GrFi)
  7079 | D:4      | Bought a dented platinum amulet for 150 gold pieces
  7080 | D:4      | Bought a fuming white potion for 27 gold pieces
  7080 | D:4      | Bought a scroll labeled KECVEPH PAPA for 30 gold pieces
  7377 | D:8      | Reached skill level 5 in Dodging
  7377 | D:8      | Reached XP level 9. HP: 79/79 MP: 8/8
  7395 | D:8      | Reached ** piety under Okawaru
  7572 | D:8      | Noticed Grum
  7611 | D:8      | Killed Grum
  7613 | D:8      | Reached skill level 10 in Long Blades
  8637 | D:9      | Reached *** piety under Okawaru
  8958 | D:9      | Found a staircase to the Lair.
  9178 | D:9      | Reached XP level 10. HP: 87/91 MP: 9/9
  9245 | D:9      | Noticed a three-headed hydra
  9763 | D:10     | Entered Level 10 of the Dungeon
  9877 | D:9      | Killed an unseen horror
  9877 | D:9      | Reached **** piety under Okawaru
  9877 | D:9      | Reached skill level 11 in Long Blades
 10133 | D:10     | Found a staircase to the Orcish Mines.
 10251 | D:10     | Upgraded the game from 0.18-a0-1481-g708b138 to 0.18-a0-1485-g189885c
 10252 | Orc:1    | Entered Level 1 of the Orcish Mines
 10628 | D:10     | Noticed a hill giant
 10710 | Lair:1   | Entered Level 1 of the Lair of Beasts
 11442 | D:9      | Killed a hill giant
 11442 | D:9      | Reached ***** piety under Okawaru
 11442 | D:9      | Reached skill level 10 in Fighting
 11442 | D:9      | Reached skill level 10 in Armour
 11626 | Orc:1    | Found Hacsymerch's Antique Weapon Shoppe.
 11918 | D:11     | Noticed a hill giant
 12131 | D:11     | Noticed a four-headed hydra
 12184 | Orc:2    | Entered Level 2 of the Orcish Mines
 12319 | Orc:2    | Found a staircase to the Elven Halls.
 12557 | Orc:2    | Noticed an orc sorcerer
 12561 | Orc:2    | Noticed a smoke demon
 12567 | Orc:2    | Paralysed by an orc sorcerer for 6 turns
 12572 | Orc:2    | HP: 4/94 [troll (9)]
 12574 | Orc:1    | HP: 1/94 [ogre/giant club (3)]
 12670 | Orc:1    | Noticed an orange demon
 12672 | Orc:1    | Killed an orc sorcerer
 12672 | Orc:1    | Received a gift from Okawaru
 12672 | Orc:1    | Reached XP level 11. HP: 88/101 MP: 7/10
 13040 | D:11     | Found Quyckeeg's Book Boutique.
 13096 | D:11     | Received a gift from Okawaru
 13252 | D:11     | Noticed a tengu warrior
 13265 | D:11     | Killed a tengu warrior
 13265 | D:11     | Reached skill level 12 in Long Blades
 13410 | D:11     | Noticed a hill giant
 13500 | D:10     | Killed a hill giant
 13665 | D:11     | Found a portal to a secret trove of treasure.
 14284 | Lair:1   | Received a gift from Okawaru
 15025 | Lair:2   | Noticed Psyche
 15059 | Lair:2   | Reached skill level 10 in Dodging
 15062 | Lair:2   | Killed Psyche
 15214 | Lair:2   | Noticed a seven-headed hydra
 15322 | Lair:2   | Noticed Harold
 15389 | Lair:2   | Killed Harold
 15389 | Lair:2   | Reached XP level 12. HP: 108/111 MP: 11/11
 15475 | Lair:2   | Reached skill level 13 in Long Blades
 15529 | Lair:2   | Reached skill level 1 in Invocations
 16762 | Lair:3   | Found a staircase to the Swamp.
 17073 | Lair:3   | Reached ****** piety under Okawaru
 17203 | Lair:3   | Received a gift from Okawaru
 17832 | Lair:4   | Reached XP level 13. HP: 117/119 MP: 15/15
 18071 | Lair:4   | Reached skill level 5 in Invocations
 18558 | Lair:5   | Reached skill level 14 in Long Blades
 20380 | Lair:6   | Got a distressingly furry scale mail
 20391 | Lair:6   | Identified the +4 scale mail of the Prince {Str+6} (You found it on level 6 of the Lair of Beasts)
 20631 | Lair:6   | Found a hole to the Spider Nest.
 20712 | Lair:6   | Received a gift from Okawaru
 21706 | Lair:7   | Reached XP level 14. HP: 96/130 MP: 11/18
 22288 | Lair:7   | Received a gift from Okawaru
 22288 | Lair:7   | Reached skill level 15 in Long Blades
 22872 | Lair:8   | Entered Level 8 of the Lair of Beasts
 22890 | Lair:8   | Found a runed door.
 22890 | Lair:8   | Found a viscous altar of Jiyva.
 22903 | Lair:8   | Found a labyrinth entrance.
 23020 | Lab      | Entered a labyrinth
 23338 | Lab      | Identified Zaock's Collected Works on Confrontation and Dislocation
 23742 | Lair:8   | Received a gift from Okawaru
 24107 | Lair:8   | Noticed an azure jelly
 24108 | Lair:8   | Found a staircase to the Slime Pits.
 24108 | Lair:8   | Noticed an azure jelly
 24462 | Lair:8   | Received a gift from Okawaru
 24797 | Lair:8   | Identified a +3 rod of clouds (9/9) (You found it on level 8 of the Lair of Beasts)
 25288 | Orc:2    | Found Wyatziy's Distillery.
 25713 | Orc:2    | Found a roughly hewn altar of Beogh.
 26343 | Orc:2    | Reached XP level 15. HP: 130/139 MP: 20/20
 26407 | Orc:2    | Reached skill level 15 in Fighting
 26597 | Orc:2    | Reached skill level 15 in Armour
 26599 | Orc:2    | Reached skill level 16 in Long Blades
 26654 | Orc:2    | Found Ofeel Refa's General Store.
 26654 | Orc:2    | Found Nuyxit's Weapon Shoppe.
 26655 | Orc:2    | Found Meick's Jewellery Shoppe.
 26655 | Orc:2    | Found Cir Jir's Weapon Emporium.
 26808 | Orc:2    | Bought a +0 hand crossbow for 63 gold pieces
 27097 | D:12     | Reached skill level 1 in Crossbows
 27347 | D:12     | Received a gift from Okawaru
 27471 | D:12     | Found Irghuaq's Antique Armour Emporium.
 27521 | D:12     | Identified a +2 pair of boots of running (Okawaru gifted it to you on level 12 of the Dungeon)
 27549 | D:12     | Reached skill level 5 in Crossbows
 28803 | D:14     | Received a gift from Okawaru
 28873 | D:14     | Found a gate to the Vaults.
 29285 | D:15     | Entered Level 15 of the Dungeon
 29330 | D:15     | Noticed Urug
 29338 | D:15     | Killed Urug
 29643 | D:15     | Found a staircase to the Depths.
 30021 | D:15     | Received a gift from Okawaru
 30071 | D:15     | Reached XP level 16. HP: 124/150 MP: 21/21
 30625 | Swamp:1  | Entered Level 1 of the Swamp
 31051 | Swamp:1  | Noticed Louise
 31069 | Swamp:1  | Killed Louise
 31228 | Swamp:1  | Noticed a thorn hunter
 31261 | Swamp:1  | Killed a thorn hunter
 31733 | Swamp:2  | Received a gift from Okawaru
 32609 | Swamp:3  | Reached skill level 17 in Long Blades
 32674 | Swamp:3  | Noticed Galewind's ghost (adept DECj)
 32720 | Swamp:3  | Killed Galewind's ghost
 33125 | Swamp:4  | Entered Level 4 of the Swamp
 33142 | Swamp:4  | Received a gift from Okawaru
 33339 | Swamp:4  | Reached skill level 15 in Dodging
 33430 | Swamp:4  | Received a gift from Okawaru
 33481 | Swamp:4  | Reached skill level 10 in Crossbows
 33490 | Swamp:4  | Noticed the 27-headed Lernaean hydra
 33884 | Swamp:4  | Killed the 27-headed Lernaean hydra
 34086 | Swamp:4  | Reached XP level 17. HP: 159/159 MP: 22/22
 34471 | Swamp:4  | Got a decaying rune of Zot
 35078 | Spider:1 | Entered Level 1 of the Spider Nest
 35193 | Lair:6   | Received a gift from Okawaru
 35378 | Spider:1 | Received a gift from Okawaru
 35610 | Spider:1 | Received a gift from Okawaru
 36109 | Spider:2 | Received a gift from Okawaru
 37242 | Spider:4 | Entered Level 4 of the Spider Nest
 37253 | Spider:3 | Reached skill level 18 in Long Blades
 37263 | Spider:3 | Gained mutation: You are somewhat resistant to further mutation. [potion of beneficial mutation]
 37285 | Spider:4 | Noticed Jorgrun
 37316 | Spider:3 | Killed Jorgrun
 37774 | Spider:4 | Reached XP level 18. HP: 140/169 MP: 23/23
 38021 | Spider:4 | Received a gift from Okawaru
 38957 | Spider:4 | Got a gossamer rune of Zot
 39457 | Vaults:1 | Entered Level 1 of the Vaults
 40193 | Vaults:1 | Received a gift from Okawaru
 40979 | Vaults:1 | Received a gift from Okawaru
 41151 | Vaults:1 | Found Suript's Weapon Boutique.
 41151 | Vaults:1 | Noticed a lich
 41153 | Vaults:1 | Noticed a Hell Sentinel
 41158 | Vaults:1 | Received a gift from Okawaru
 41160 | Vaults:1 | Noticed an Ice Fiend
 41165 | Vaults:1 | Killed a lich
 41423 | Vaults:1 | Reached XP level 19. HP: 114/179 MP: 24/24
 41642 | Vaults:1 | Found Qutrek's Book Boutique.
 42271 | Vaults:2 | Noticed Mara
 42302 | Vaults:2 | Noticed abixa's illusion
 42643 | Vaults:2 | Reached skill level 15 in Crossbows
 43143 | Vaults:2 | Killed Mara
 43143 | Vaults:2 | Received a gift from Okawaru
 43212 | Vaults:2 | Received a gift from Okawaru
 43772 | Vaults:3 | Reached skill level 19 in Long Blades
 44383 | Vaults:3 | Found a staircase to the Crypt.
 44383 | Vaults:3 | Found an ancient bone altar of Kikubaaqudgha.
 44384 | Vaults:3 | Found a basalt altar of Yredelemnul.
 44573 | Vaults:3 | HP: 5/181 [frost giant/battleaxe of freezing[a boggart] (25)]
 44573 | Vaults:3 | Slain by a frost giant

Vault maps used:
D:1:      dpeg_chamrin_arrival_tetris
D:2:      lemuel_doored_altar, first_bread
D:3:      lemuel_zombie_altar_kikubaaqudgha, uniq_robin
D:4:      zin_academy, gammafunk_temple_overflow_elements,
          overflow_temple_1_default, serial_shops, shop, grunt_ministairs_9,
          uniq_eustachio
D:5:      serial_shops, kennysheep_little_box, roderic_hopi_sauvastika,
          grunt_dithmenos_shadows, uniq_crazy_yiuf_cottage
D:6:      kennysheep_mini_moat, ashenzari_altar_1, minmay_temple_entry_junction,
          serial_aquarium, aquarium_bridge_square, aquarium_window_2,
          aquarium_window_fake, aquarium_window_corner, aquarium_view_4,
          aquarium_balcony_1a, aquarium_pool_1
D:8:      uniq_grum
D:9:      kennysheep_spiral_hall, lair_0_dummy, hangedman_ranch
D:10:     erik_orc_1, minmay_misc_feat_cross
D:11:     minmay_distorted_concentric_squares, serial_shops, shop,
          nicolae_trove_entry_path_of_doom
D:12:     serial_shops, shop
D:13:     billiards_dpeg
D:14:     david_vaults_5, kennysheep_another_room
D:15:     gammafunk_depths_entry_grave, uniq_urug
Temple:   circular_temple_12
Lair:1:   serial_bayou_shore_a
Lair:2:   erik_1, uniq_harold
Lair:3:   minmay_swamp_entry_swarm, special_room, minivault_24,
          grunt_megastairs_3, lemuel_fruit_fields
Lair:4:   minmay_another_anthill
Lair:6:   minmay_lair_oklob_chamber, spider_nest_entry_webs,
          lemuel_fruit_fields, grunt_megastairs_5
Lair:7:   minivault_19, serial_bayou_shore_b
Lair:8:   due_jungle_book, slime_altar_2, lab_entry_generic,
          infiniplex_staircase_pool
Swamp:1:  evilmike_swamp_ruin_house_6, uniq_louise
Swamp:2:  evilmike_swamp_ruin_rubble_2
Swamp:3:  nicolae_swamp_round_clearing
Swamp:4:  swamp_old_school, kb_tengu_band
Spider:1: spider_trap
Spider:4: grunt_spider_rune_parallel, spider_trap, uniq_jorgrun
Orc:1:    serial_shops, shop
Orc:2:    st_orc_pillars, basic_altar, serial_shops,
          nicolae_shop_window_shopping
Vaults:1: grunt_vaults_trifunnel, v_rooms_2, hangedman_vaults_corner,
          vaults_mumra_minichess_inversion, nicolae_vaults_little_squares_2,
          dpeg_vaults_monster_box, hangedman_vaults_impose,
          hangedman_vaults_snaps, nicolae_vaults_little_squares_1,
          st_more_cells, serial_shops, nicolae_shop_crystal
Vaults:2: hangedman_vaults_maws, vaults_dpeg_ring, hangedman_vaults_capsules,
          v_misc_2, nicolae_vaults_gold_heap, ontoclasm_vaults_fault,
          nicolae_vaults_little_squares_5, v_misc_15,
          nicolae_vaults_sealed_display, ontoclasm_vaults_misaligned,
          vaults_room_corners, nicolae_vaults_what_the_h,
          ontoclasm_vaults_tryst, nicolae_vaults_little_squares_3, v_misc_25,
          uniq_mara
Vaults:3: hangedman_vaults_locks, hangedman_vaults_slither,
          ontoclasm_vaults_eye, vaults_room_grid, v_misc_28,
          nicolae_vaults_mini_display_case, v_rooms_1, nicolae_vaults_little_ls,
          ontoclasm_vaults_shuriken, ontoclasm_vaults_loading_screen,
          vaults_mumra_lcd, minmay_crypt_entry_necro_gods
Lab:      nicolae_lab_dead_adventurers, nicolae_lab_t_cross

Skill      XL: |  1  2  3  4  5  6  7  8  9 10 11 12 13 14 15 16 17 18 19 |
---------------+----------------------------------------------------------+-----
Long Blades    | 4 5 6 7 8 9 10 11 12 13 14 15 16 17 18 19 | 19.0
Armour         | 1 3 4 5 7 8 10 11 12 13 14 15 16 17 18 | 18.8
Fighting       | 3 4 6 7 9 10 11 12 13 14 15 16 17 18 | 18.6
Dodging        | 5 6 8 10 11 12 13 14 15 16 17 | 17.2
Invocations    | 4 6 8 |  8.0
Crossbows      | 7 10 12 14 16 | 16.1
Throwing       | |  2.0

Action                   |  1- 3 |  4- 6 |  7- 9 | 10-12 | 13-15 | 16-18 | 19-21 || total
-------------------------+-------+-------+-------+-------+-------+-------+-------++-------
Melee: Long sword        |    88 |   133 |   187 |       |       |       |       ||   408
       Scimitar          |       |       |   168 |   776 |   560 |   110 |       ||  1614
       Dagger            |       |       |       |    90 |    12 |       |       ||   102
       Short sword       |       |       |       |       |    67 |       |       ||    67
       Rapier            |       |       |       |       |    14 |       |       ||    14
       Great sword       |       |       |       |       |   841 |  1371 |   622 ||  2834
 Fire: Blowgun           |       |       |       |    28 |     2 |       |       ||    30
       Hand crossbow     |       |       |       |       |     9 |       |       ||     9
       Triple crossbow   |       |       |       |       |       |    43 |     3 ||    46
Throw: Stone             |       |     8 |       |       |       |       |       ||     8
       Tomahawk          |       |     5 |     9 |    70 |    63 |       |       ||   147
       Throwing net      |       |     2 |       |     1 |     1 |     1 |       ||     5
Invok: Heroism           |       |       |       |     3 |       |     5 |     3 ||    11
       Finesse           |       |       |       |       |       |     1 |     2 ||     3
Evoke: Wand              |       |       |       |     3 |     1 |     1 |       ||     5
  Use: Scroll            |       |       |     8 |    10 |    11 |    11 |     5 ||    45
       Potion            |       |       |     1 |     2 |     1 |     3 |     1 ||     8
 Stab: Held in net/web   |       |     1 |       |       |     1 |     2 |       ||     4
       Invisible         |       |       |       |       |     5 |       |       ||     5
       Distracted        |       |       |       |       |     1 |       |       ||     1
       Confused          |       |       |       |       |       |     2 |       ||     2
  Eat: Chunk             |     1 |     7 |    14 |    30 |    38 |    33 |    10 ||   133
       Pizza             |       |       |     1 |       |       |       |       ||     1
       Beef jerky        |       |       |     1 |       |       |       |       ||     1
       Fruit             |       |       |       |     1 |     2 |     4 |       ||     7
